 Dungeon Crawl Stone Soup version 0.28-a0-991-g956f0ee3d5 (webtiles) character file.

Game seed: 422089298903392284

436 browni3141 the Changer (level 7, -7/43 HPs)
             Began as an Octopode Transmuter on Dec 4, 2021.
             Splashed by a jelly's acid (9 damage)
             ... on level 5 of the Dungeon.
             The game lasted 00:05:27 (5783 turns).

browni3141 the Changer (Octopode Transmuter)        Turns: 5783, Time: 00:05:28

Health: -7/43      AC: -11   Str:  9    XL:     7   Next: 1%
Magic:  10/10      EV: 13    Int: 18    God:
Gold:   164        SH:  0    Dex: 12    Spells: 4/10 levels left

rFire   . . .      SeeInvis .     - Unarmed
rCold   . . .      Faith    .   (no shield)
rNeg    . . .      Spirit   .   (helmet currently unavailable)
rPois   .          Reflect  .   (no amulet)
rElec   .          Harm     .   (no ring)
rCorr   .          Rampage  .   (no ring)
Will    .....                   (no ring)
Stlth   ++........              (no ring)
HPRegen 0.14/turn               (no ring)
MPRegen 0.12/turn               (no ring)
                                (no ring)
                                (no ring)

@: appendages, corroded
A: tentacle spike 3, almost no armour, amphibious, 8 rings, camouflage 1,
gelatinous body 1, (nimble swimmer 1), tentacles
a: End Transformation


You were on level 5 of the Dungeon.
One of your tentacles had grown a beastly spike.
You visited 1 branch of the dungeon, and saw 5 of its levels.

You collected 164 gold pieces.

Inventory:

Missiles
 k - 6 curare-tipped darts
Armour
 a - a +2 hat (melded)
Wands
 d - a wand of charming (9)
Scrolls
 c - a scroll of identify {unknown}
 f - a scroll of immolation
 h - 3 scrolls of teleportation {unknown}
 l - a scroll of fear {unknown}
Potions
 b - 2 potions of lignification {unknown}
 e - 2 potions of might {unknown}
 g - a potion of mutation {unknown}
 i - 2 potions of heal wounds {unknown}
 j - a potion of brilliance {unknown}


   Skills:
 - Level 1.0 Fighting
 - Level 2.0 Dodging
 - Level 3.0 Unarmed Combat
 - Level 2.0 Spellcasting
 * Level 7.3 Transmutations


You had 4 spell levels left.
You knew the following spells:

 Your Spells              Type           Power      Damage    Failure   Level
a - Beastly Appendage     Tmut           56%        N/A       1%          1
b - Wereblood             Tmut           28%        N/A       1%          2
c - Spider Form           Tmut/Pois      14%        N/A       12%         3

Your spell library contained the following spells:

 Spells                   Type           Power      Damage    Failure   Level
 Ignite Poison            Fire/Tmut/Pois 10%        N/A       21%         3
 Ice Form                 Ice/Tmut       14%        N/A       38%         4
 Mephitic Cloud           Conj/Pois/Air  1%         N/A       47%         3
 Freezing Cloud           Conj/Ice/Air   0%         6-21      99%         5


Dungeon Overview and Level Annotations

Branches:
Dungeon (5/15)
 Temple: D:4-7

Altars:
Yredelemnul

Annotations:
D:2 Natasha, Sigmund
D:3 exclusion: ogre
D:4 exclusion: jelly
D:5 exclusion: 2 doors


Innate Abilities, Weirdness & Mutations

One of your tentacles has grown a beastly spike.
You cannot wear most types of armour.
You are amphibious.
You can wear up to eight rings at the same time.
Your skin changes colour to match your surroundings (Stealth+).
Your rubbery body absorbs attacks. (AC +1, EV +1)
((You are camouflaged near water. (Stealth+)))
You have tentacles for arms and can constrict up to eight enemies at once.


Message History

A jelly is nearby!
You close the door.
Press: ? - help, . - travel You can't see that place. [a closed door.] Placed new exclusion.
Reduced exclusion size to a single square.
You hear a distant slurping noise.
The door mysteriously vanishes.
Okay, then.
Casting: Beastly Appendage (safe; 1% risk of failure)
Confirm with . or Enter, or press ? or * to list all spells.
One of your tentacles grows a vicious spike.
Your +2 hat melds into your body.
You tentacle-slap the jelly.
Your tentacles burn!
The jelly is lightly wounded.
The jelly hits you.
You are splashed with acid!
You tentacle-slap the jelly.
Your tentacles burn!
You squeeze the jelly.
The jelly is heavily wounded.
The jelly hits you. The acid corrodes you!
You are splashed with acid.
You tentacle-slap the jelly but do no damage.
Your tentacles burn!
The jelly is heavily wounded.
The jelly misses you.
You tentacle-slap the jelly but do no damage.
The acid corrodes you!
Your tentacles burn!
You squeeze the jelly.
The jelly is severely wounded.
The jelly barely misses you.
You tentacle-slap the jelly.
Your tentacles burn!
* * * LOW HITPOINT WARNING * * *
You squeeze the jelly.
The jelly is almost dead.
The jelly hits you.
* * * LOW HITPOINT WARNING * * *
The acid corrodes you!
You are splashed with acid.
* * * LOW HITPOINT WARNING * * *
The jelly hits you.
* * * LOW HITPOINT WARNING * * *
You are splashed with acid!
You die...

.....#.# ...J##.####
....+......
#####...##......
#+#...#.# #..<.#..
###.......###....###
#...........#.##.#
##.J.......##.####
+.@.......'..#
##.......#####
#.......# ####+####


You could see a jelly.

Vanquished Creatures
  2 necrophages (D:4)
  A scorpion (D:4)
  A hound (D:4)
  A bullfrog skeleton (D:5)
  An iguana (D:4)
  4 gnolls
  An adder (D:5)
  3 orcs (D:4)
  5 ball pythons
  9 bats
  11 endoplasms
  8 giant cockroaches
  4 hobgoblins
  2 jackals (D:1)
  5 kobolds
  3 quokkas (D:4)
  3 frilled lizards
  7 goblins
  2 rats (D:1)
73 creatures vanquished.

Vanquished Creatures (others)
  4 toadstools (D:1)
4 creatures vanquished.

Grand Total: 77 creatures vanquished

Notes
Turn   | Place    | Note
-------+----------+-------------------------------------------
     0 | D:1      | browni3141 the Octopode Transmuter began the quest for the
                  | Orb.
     0 | D:1      | Reached XP level 1. HP: 13/13 MP: 3/3
   414 | D:1      | Reached XP level 2. HP: 18/18 MP: 3/5
   595 | D:1      | Reached skill level 3 in Transmutations
  1076 | D:1      | Reached XP level 3. HP: 14/23 MP: 4/6
  1507 | D:1      | Learned a level 2 spell: Wereblood
  1511 | D:1      | Learned a level 3 spell: Spider Form
  1960 | D:2      | Noticed Sigmund
  2041 | D:2      | Found a basalt altar of Yredelemnul.
  2073 | D:2      | Noticed Natasha
  2415 | D:3      | Noticed an ogre
  3056 | D:2      | Reached skill level 4 in Transmutations
  3085 | D:3      | Reached XP level 4. HP: 20/28 MP: 3/7
  3468 | D:3      | Found a faded altar of an unknown god.
  4076 | D:4      | Noticed a scorpion
  4246 | D:4      | Noticed a necrophage
  4258 | D:4      | Killed a necrophage
  4259 | D:4      | Reached skill level 5 in Transmutations
  4259 | D:4      | Reached XP level 5. HP: 10/33 MP: 8/8
  4474 | D:4      | Reached skill level 6 in Transmutations
  4647 | D:4      | Noticed a necrophage
  4655 | D:4      | Killed a necrophage
  4656 | D:4      | Reached XP level 6. HP: 23/38 MP: 9/9
  5108 | D:4      | Reached skill level 7 in Transmutations
  5515 | D:5      | Entered Level 5 of the Dungeon
  5540 | D:5      | Reached XP level 7. HP: 11/43 MP: 10/10
  5783 | D:5      | HP: 2/43 [jelly (2)]
  5783 | D:5      | Splashed by a jelly's acid

Illustrated notes

Levels and vault maps discovered:
D:1:      ldierk_walled_garden_2, layout_loops_corners
D:2:      layout_loops_ring, basic_altar, uniq_natasha, uniq_sigmund
D:3:      layout_loops_cross, hellmonk_ecumenical_altar_blasted,
          serial_park_tiny_2
D:4:      layout_loops_ring, serial_glass, glass_columns_a, glass_columns_a
D:5:      nicolae_cairo_tiling_very_big, layout_gridville,
          lemuel_temple_firewalk_a, dk_noncrumbling_2,
          nicolae_shop_sticking_my_neck_out, uniq_menkaure

Skill      XL: |  1  2  3  4  5  6 |
---------------+-------------------+-----
Transmutations | 3 4 5 6 7 |  7.3
Fighting       | |  1.0
Dodging        | |  2.0
Unarmed Combat | |  3.0
Spellcasting   | |  2.0

Action                   |  1- 3 |  4- 6 |  7- 9 || total
-------------------------+-------+-------+-------++-------
Melee: Unarmed           |    85 |    98 |     5 ||   188
       Constrict         |    20 |    25 |       ||    45
       Kick              |    19 |    20 |       ||    39
       Tentacles         |     9 |    22 |     3 ||    34
       Punch             |       |     3 |       ||     3
 Cast: Beastly Appendage |    23 |     9 |     1 ||    33
       Wereblood         |     2 |       |       ||     2
 Stab: Sleeping          |     4 |     8 |       ||    12
Armor: Skin              |    12 |     8 |       ||    20
Dodge: Dodged            |    40 |    39 |     2 ||    81

Table legend: (Time is in decaauts)
 A = Elapsed time spent in this place.
 B = Non-inter-level travel time spent in this place.
 C = Inter-level travel time spent in this place.
 D = Time resting spent in this place.
 E = Time spent auto-exploring this place.
 F = Levels seen in this place.
 G = Mean time per level.
                   A        B        C        D        E       F      G
               +--------+--------+--------+--------+--------+-----+--------+
         Total |   5774 |   5586 |    188 |    523 |   4455 |   5 | 1154.8 |
       Dungeon |   5774 |   5586 |    188 |    523 |   4455 |   5 | 1154.8 |
               +--------+--------+--------+--------+--------+-----+--------+

Top non-repeatable levels by time:
     D:1: 1708 daAuts
     D:4: 1522 daAuts
     D:3: 1209 daAuts
     D:2: 1066 daAuts
     D:5: 266 daAuts
